 Dungeon Crawl Stone Soup version 0.25.1-2-g60ff931df9 (webtiles) character file.

Game seed: 484923916666620701

776 gruber the Carver (level 7, -2/57 HPs)
             Began as a Minotaur Berserker on Sept 27, 2020.
             Was a Believer of Trog.
             Slain by an orc
             ... wielding a +0 whip
              (5 damage)
             ... on level 5 of the Dungeon.
             The game lasted 00:02:36 (3906 turns).

gruber the Carver (Minotaur Berserker)              Turns: 3906, Time: 00:02:37

Health: -2/57      AC:  4    Str: 23    XL:     7   Next: 54%
Magic:  6/6        EV: 12    Int:  4    God:    Trog [**....]
Gold:   114        SH:  0    Dex: 10    Spells: 6/6 levels left

rFire    . . .     SeeInvis .   a - +0 falchion
rCold    . . .     Gourm    .   (no shield)
rNeg     . . .     Faith    .   j - +1 leather armour {rPois}
rPois    +         Spirit   .   (helmet restricted)
rElec    .         Reflect  .   (no cloak)
rCorr    .         Harm     .   (no gloves)
MR       .....                  (no boots)
Stlth    +.........             (no amulet)
HPRegen  0.19/turn              (no ring)
MPRegen  0.10/turn              (no ring)

@: marked, berserk cooldown, slowed, very slow
A: retaliatory headbutt, horns 2
a: Berserk, Trog's Hand, Renounce Religion


You were on level 5 of the Dungeon.
You worshipped Trog.
Trog was pleased with you.
You were not hungry.

You visited 1 branch of the dungeon, and saw 5 of its levels.

You collected 114 gold pieces.

Inventory:

Hand Weapons
 a - a +0 falchion (weapon)
Armour
 j - a +1 leather armour of poison resistance (worn)
Scrolls
 b - 4 scrolls of identify {unknown}
 e - 2 scrolls of random uselessness {unknown}
 g - 6 scrolls of teleportation {unknown}
 h - 2 scrolls of amnesia {unknown}
 k - 2 scrolls of remove curse {unknown}
 m - a scroll of enchant armour {unknown}
Potions
 d - a potion of brilliance {unknown}
 f - a potion of resistance {unknown}
 i - 3 potions of haste {unknown}
 l - 2 potions of heal wounds {unknown}
 n - a potion of degeneration {unknown}
 o - 2 potions of curing {unknown}
Comestibles
 c - 6 rations
 p - 6 chunks of flesh


   Skills:
 - Level 3.6 Fighting
 + Level 10.6 Long Blades
 - Level 2.4 Armour
 - Level 2.1 Dodging


You had 6 spell levels left.
You didn't know any spells.
Your spell library was empty.

Dungeon Overview and Level Annotations

Branches:
Dungeon (5/15)             Temple (0/1) D:4

Altars:
Gozag
Hepliaklqana

Annotations:
D:3 3 runed translucent doors, ZZKoverts's ghost, amateur HaWr
D:5 Pikel


Innate Abilities, Weirdness & Mutations

You reflexively headbutt those who attack you in melee.
You have a pair of horns on your head.


Message History

Pikel the Slaver comes into view.
He is wielding a +1 whip of flaming.
Something hits you.
* * * LOW HITPOINT WARNING * * *
You barely miss the shadow imp.
You headbutt the shadow imp, but do no damage.
Something hits you but does no damage.
You hear some strange, mumbled words.
A puff of frost appears from out of thin air!
The puff of frost misses you.
The puff of frost hits the shadow imp.
The shadow imp resists.
A slave comes into view.
The shadow imp barely misses you.
You riposte.
You barely miss the shadow imp.
The shadow imp is lightly wounded.
Unknown command.
The orc hits you with a +0 whip.
* * * LOW HITPOINT WARNING * * *
A worker ant comes into view.
The shadow imp hits you but does no damage.
Something hits you but does no damage. The orc hits you with a +0 whip.
You die...

#... #.. .#
#...##%# .#
####...##.# .#
#.........##)#.#
...?....op.p.#
......)(##.#.#
##...##.# .#
#..o##.##p#
####.@.##.K..#
#....5..p.####
#.#######.## #.#
##..a## #.#
#.....######.#
##.#
#.............
..#
#.....#####...
#.# ##...##
#.#######)##


You could see a slave, a worker ant, a shadow imp and an orc.

Vanquished Creatures
  An ice beast (D:2)
  An ogre (D:5)
  A centaur (D:5)
  A howler monkey (D:4)
  A crimson imp (D:2)
  2 centaur zombies
  A quasit (D:5)
  3 hounds (D:4)
  2 orc wizards
  Jessica (D:2)
  3 iguanas (D:4)
  3 adders (D:2)
  An ooze (D:1)
  A worm (D:2)
  A dart slug (D:4)
  2 leopard geckos
  4 orcs (D:3)
  9 bats
  3 giant cockroaches
  7 hobgoblins
  2 jackals (D:1)
  6 kobolds
  2 quokkas
  6 frilled lizards
  4 goblins
  9 rats
77 creatures vanquished.

Notes
Turn   | Place    | Note
-------+----------+-------------------------------------------
     0 | D:1      | gruber the Minotaur Berserker began the quest for the Orb.
     0 | D:1      | Reached XP level 1. HP: 19/19 MP: 0/0
    45 | D:1      | Reached skill level 4 in Long Blades
   209 | D:1      | Reached XP level 2. HP: 20/26 MP: 1/1
   478 | D:1      | Reached skill level 5 in Long Blades
   718 | D:1      | Reached XP level 3. HP: 24/31 MP: 2/2
  1251 | D:2      | Reached XP level 4. HP: 35/39 MP: 3/3
  1258 | D:2      | Reached skill level 6 in Long Blades
  1478 | D:2      | Noticed an ice beast
  1503 | D:2      | Killed an ice beast
  1503 | D:2      | Reached skill level 7 in Long Blades
  1503 | D:2      | Reached XP level 5. HP: 25/45 MP: 4/4
  1929 | D:2      | Noticed Jessica
  1934 | D:2      | Killed Jessica
  1934 | D:2      | Reached skill level 8 in Long Blades
  2057 | D:3      | Reached ** piety under Trog
  2057 | D:3      | Reached XP level 6. HP: 51/51 MP: 5/5
  2147 | D:3      | Found a runed translucent gate.
  2147 | D:3      | Found a runed translucent gate.
  2147 | D:3      | Found a runed translucent gate.
  2148 | D:3      | Noticed ZZKoverts's ghost (amateur HaWr)
  2653 | D:4      | Found a staircase to the Ecumenical Temple.
  2796 | D:4      | Reached skill level 9 in Long Blades
  3019 | D:4      | Reached XP level 7. HP: 43/57 MP: 6/6
  3509 | D:4      | Found a hazy altar of Hepliaklqana.
  3639 | D:4      | Found an opulent altar of Gozag.
  3858 | D:5      | Entered Level 5 of the Dungeon
  3871 | D:5      | Reached skill level 10 in Long Blades
  3904 | D:5      | Noticed Pikel
  3906 | D:5      | Slain by an orc

Illustrated notes

Levels and vault maps discovered:
D:1:      scummos_arrival_forest, layout_loops_ring, skrybe_limestone_x
D:2:      layout_loops_ring, grunt_decor_clamped, grunt_ministairs_2,
          uniq_jessica
D:3:      layout_rooms, gammafunk_ghost_necromancy
D:4:      layout_layer_cave, lemuel_coloured_pillars_altar, marbit_many_paths,
          minmay_temple_entry_ruins
D:5:      layout_loops_corners, first_ration, uniq_pikel

Skill      XL: |  1  2  3  4  5  6  7 |
---------------+----------------------+-----
Long Blades    | 4 5 7 8 9 10 | 10.6
Fighting       | |  3.6
Armour         | |  2.4
Dodging        | |  2.1

Action                   |  1- 3 |  4- 6 |  7- 9 || total
-------------------------+-------+-------+-------++-------
Melee: Falchion          |    48 |   109 |    22 ||   179
       Headbutt          |    10 |    24 |     7 ||    41
Invok: Berserk           |       |       |     1 ||     1
       Trog's Hand       |       |       |     1 ||     1
 Stab: Sleeping          |     1 |     1 |       ||     2
  Eat: Chunk             |     1 |     5 |     1 ||     7
       Ration            |       |       |     1 ||     1
Armor: Animal skin       |    10 |       |       ||    10
       Leather armour    |       |    15 |     4 ||    19
Dodge: Dodged            |    44 |    69 |    13 ||   126
       Rpst.: Falchion   |    16 |    29 |     2 ||    47
